 Dungeon Crawl Stone Soup version 0.31-a0-175-g9f7f995f2b (webtiles) character file.

Game seed: 3530596429407585147

45 qw the Shooter (level 3, -2/21 HPs)
             Began as a Gargoyle Hunter on June 16, 2023.
             Slain by a gnoll
             ... wielding a +0 flail
              (4 damage)
             ... on level 2 of the Dungeon.
             The game lasted 00:00:19 (862 turns).

qw the Shooter (Gargoyle Hunter)                     Turns: 862, Time: 00:00:19

Health: -2/21      AC:  8    Str: 14    XL:     3   Next: 64%
Magic:  3/3        EV: 11    Int:  9    God:
Gold:   61         SH:  0    Dex: 15    Spells: 2/2 levels left

rFire   . . .        Y - +0 shortbow
rCold   . . .        (shield currently unavailable)
rNeg    + . .        f - +0 ring mail
rPois   inf          (no helmet)
rElec   +            (no cloak)
rCorr   .            (no gloves)
SInv    .            (no boots)
Will    .....        (no amulet)
Stlth   +            (no ring)
HPRegen 0.23/turn    (no ring)
MPRegen 0.08/turn

%: no passive effects
@: no status effects
A: sickness immunity, AC +3, negative energy resistance 1, electricity
resistance, torment resistance 1, petrification resistance
a: no special abilities


You were on level 2 of the Dungeon.
You visited 1 branch of the dungeon, and saw 2 of its levels.

You collected 61 gold pieces.


Innate Abilities, Weirdness & Mutations

You are immune to sickness and miasma.
Your stone body is resilient. (AC +3)
You are immune to poison.
You resist negative energy. (rN+)
You are resistant to electric shocks. (rElec)
You are resistant to unholy torment.
You are immune to petrification.


   Skills:
 + Level 2.1 Fighting
 - Level 5.0 Ranged Weapons
 - Level 1.3 Armour
 - Level 1.5 Dodging
 - Level 1.1 Stealth


You had 2 spell levels left.
You didn't know any spells.
Your spell library was empty.

Inventory:

Hand Weapons
 Y - a +0 shortbow (weapon)
Armour
 f - a +0 ring mail (worn)
Potions
 g - a potion of curing {unknown}
 h - a potion of brilliance {unknown}
 i - a potion of degeneration {unknown}

Dungeon Overview and Level Annotations

Branches:
Dungeon (2/15)

Altars:


Message History

You shoot an arrow. The hobgoblin shouts!
The arrow hits the gnoll but does no damage.
The gnoll is heavily wounded.
The adder barely misses you.
You shoot an arrow. The arrow hits the gnoll.
You kill the gnoll!
The adder misses you.
Your Armour skill increases to level 1!
You shoot an arrow. The arrow hits the gnoll.
The gnoll is lightly wounded.
The adder barely misses you.
A giant cockroach comes into view.
The gnoll hits you with a +0 flail. The adder bites you but does no damage.
You shoot an arrow. The arrow hits the gnoll!
The gnoll is heavily wounded.
The adder bites you but does no damage. The adder bites you.
You shoot an arrow. The arrow hits the gnoll.
The gnoll is severely wounded.
The adder bites you but does no damage. The gnoll hits you but does no damage.
You shoot an arrow. The arrow closely misses the gnoll.
The adder barely misses you.
The gnoll hits you with a +1 whip of pain.
The hobgoblin barely misses you. The adder barely misses you.
The hobgoblin misses you. The gnoll hits you with a +0 flail!
The gnoll closely misses you.
You shoot an arrow. The arrow hits the gnoll.
You kill the gnoll!
The adder misses you. The gnoll hits you with a +0 flail.
The hobgoblin closely misses you. The adder completely misses you.
Your Ranged Weapons skill increases to level 5!
You shoot an arrow. The arrow hits the gnoll.
The gnoll is heavily wounded.
The giant cockroach bites you but does no damage.
The adder bites you. The gnoll barely misses you.
The hobgoblin closely misses you.
You shoot an arrow. The arrow closely misses the gnoll.
The adder bites you but does no damage. The giant cockroach barely misses you.
The gnoll hits you with a +0 flail.
You die...

.<.........#.
#...........#.
#............
..........# # #
.........# ..
#.##.......#.#
##............#
#.....%<.g....#.
........@g......
........SB......
................
................
..........>.....
............?.##
............?##
............#


You could see a gnoll, an adder, a giant cockroach and a hobgoblin.

Vanquished Creatures
  2 gnolls (D:2)
  A dart slug (D:1)
  2 endoplasms (D:1)
  A giant cockroach (D:1)
  A goblin (D:1)
  A hobgoblin (D:2)
  3 kobolds (D:1)
  3 quokkas
  4 bats (D:1)
  5 frilled lizards (D:1)
  2 rats
25 creatures vanquished.

Notes
Turn   | Place    | Note
-------+----------+-------------------------------------------
     0 | D:1      | qw the Gargoyle Hunter began the quest for the Orb.
     0 | D:1      | Reached XP level 1. HP: 12/12 MP: 1/1
     0 | D:1      | 0 ||| qw: Version: 0.2-a-29-g511e9b1
     0 | D:1      | 0 ||| qw: Game counter: 5655
     0 | D:1      | 0 ||| qw: Always use a shield: true
     0 | D:1      | 0 ||| qw: God list: Okawaru
     0 | D:1      | 0 ||| qw: Allow faded altars: false
     0 | D:1      | 0 ||| qw: Do Orc after D:15 true
     0 | D:1      | 0 ||| qw: Do second Lair branch before Depths: true
     0 | D:1      | 0 ||| qw: Lair rune preference: random
     0 | D:1      | 0 ||| qw: Plans: Normal, Zot:1-4, Slime:5, God:TSO, Crypt,
                  | Tomb, Abyss, Pan, Hells, Win
     0 | D:1      | 0 ||| PLANNING D:1-11
   153 | D:1      | Reached XP level 2. HP: 17/17 MP: 2/2
   177 | D:1      | 177 ||| DROPPING +0 sling of freezing.
   697 | D:1      | 697 ||| UPGRADING to +0 ring mail.
   707 | D:1      | 707 ||| DROPPING +0 leather armour.
   708 | D:1      | 708 ||| READING 2 scrolls labelled QITOVVOSOOC.
   709 | D:1      | 709 ||| READING scroll labelled CIZORE ILAZ.
   710 | D:1      | 710 ||| READING scroll labelled BUTHRU UBBAESIF.
   713 | D:1      | 713 ||| DRINKING 2 metallic clear potions.
   818 | D:1      | 818 ||| DROPPING scroll of fog.
   819 | D:1      | 819 ||| DROPPING scroll of butterflies.
   820 | D:1      | 820 ||| DROPPING potion of berserk rage.
   846 | D:2      | Reached XP level 3. HP: 21/21 MP: 3/3
   856 | D:2      | Reached skill level 1 in Armour
   859 | D:2      | HP: 4/21 [gnoll/+0 flail (8)]
   861 | D:2      | Reached skill level 5 in Ranged Weapons
   862 | D:2      | Slain by a gnoll

Levels and vault maps discovered:
D:1:      saegor_arrival_simple_e, layout_loops_cross, minmay_crystal_room
D:2:      layout_rooms, minmay_pentomino_p2

Skill      XL: |  1  2  3 |
---------------+----------+-----
Armour         | 1 |  1.3
Ranged Weapons | 5 |  5.0
Fighting       | |  2.1
Dodging        | |  1.5
Stealth        | |  1.1

Action                     || total
---------------------------++-------
   Fire: Shortbow          ||    74
    Use: Scroll            ||     3
         Potion            ||     1
 Armour: Leather armour    ||     4
         Ring mail         ||     8
  Dodge: Dodged            ||    31

Table legend:
 A = Non-vault XP
 B = Vault XP
 C = Vault XP percentage of total XP
 D = Non-vault monster count
 E = Vault monster count
 F = Vault count percentage of total count
                 A         B        C        D         E       F
            +---------+---------+-------+---------+---------+-------
      Total |      65 |       0 |   0.0 |      25 |       0 |   0.0
            +---------+---------+-------+---------+---------+-------
        D:1 |      32 |       0 |   0.0 |      20 |       0 |   0.0
        D:2 |      33 |       0 |   0.0 |       5 |       0 |   0.0
            +---------+---------+-------+---------+---------+-------
